 Dungeon Crawl Stone Soup version 0.18.1-50-g88ac8fd (webtiles) character file.

1457 MrBudgens the Chiller (level 8, -5/56 HPs)
             Began as a Merfolk Ice Elementalist on Oct 18, 2016.
             Was a Follower of Nemelex Xobeh.
             Killed from afar by an orc wizard (7 damage)
             ... with a magic dart
             ... on level 6 of the Dungeon on Oct 20, 2016.
             The game lasted 01:16:03 (6704 turns).

MrBudgens the Chiller (Merfolk Ice Elementalist)    Turns: 6704, Time: 01:16:03

Health: -5/56      AC:  3    Str:  6 (9)  XL:     8   Next: 76%
Magic:  15/16      EV: 12    Int: 13 (16) God:    Nemelex Xobeh [*.....]
Gold:   92         SH:  0    Dex: 11 (14) Spells: 3 memorised, 12 levels left

rFire  . . .     SeeInvis .     a - +0 halberd
rCold  . . .     Gourm    .     Y - +0 leather armour
rNeg   . . .     Faith    .     (shield currently unavailable)
rPois  .         Spirit   .     (no helmet)
rElec  .         Dismiss  .     (no cloak)
rCorr  .         Reflect  .     (no gloves)
SustAt .         Harm     .     (no boots)
MR     .....                    D - amulet of regeneration
Stlth  +++.......               (no ring)
                                z - ring of stealth

@: lethally poisoned (-5 -> -5), drained, not resistant to hostile enchantments,
fairly stealthy
A: change form in water, swift swim
a: Renounce Religion


You were on level 6 of the Dungeon.
You worshipped Nemelex Xobeh.
Nemelex Xobeh was aware of your devotion.
You were very hungry.

You visited 1 branch of the dungeon, and saw 7 of its levels.

You collected 290 gold pieces.
You spent 198 gold pieces at shops.

Inventory:

Hand Weapons
 a - a +0 halberd (weapon)
 b - a +0 hunting sling
 x - a cursed -3 trident
 B - a +0 short sword of protection
Missiles
 d - 57 arrows
 f - 50 poisoned needles
 g - 2 curare-tipped needles
 j - 61 bolts
 s - 105 stones (quivered)
Armour
 Y - a +0 leather armour (worn)
Jewellery
 h - an uncursed amulet of dismissal
 z - a ring of stealth (left hand)
 D - an amulet of regeneration (around neck)
 Q - a +3 amulet of reflection
 T - an uncursed amulet of harm
Wands
 i - a wand of acid (9/15)
 u - a wand of disintegration (14/24)
 v - a wand of teleportation (0/9)
 P - a wand of iceblast (6/15)
 R - a wand of hasting (6/9)
Scrolls
 l - a scroll of enchant weapon
 o - 3 scrolls of identify
 t - 3 scrolls of remove curse
 y - a scroll of teleportation {unknown}
 A - 2 scrolls of fear {unknown}
 H - a scroll of enchant armour {unknown}
 I - a scroll of fog {unknown}
 O - a scroll of magic mapping {unknown}
Potions
 e - a potion of agility {unknown}
 k - a potion of degeneration
 m - a potion of ambrosia {unknown}
 n - a potion of heal wounds {unknown}
 J - a potion of cancellation {unknown}
 S - 2 potions of invisibility {unknown}
 U - a potion of might {unknown}
 V - a potion of lignification {unknown}
Books
 r - a book of Frost

   Spells                             Type                      Level
   a - Freeze                         Ice                          1
   b - Throw Frost                    Conjuration/Ice              2
   c - Ozocubu's Armour               Charms/Ice                   3
   d - Throw Icicle                   Conjuration/Ice              4
   e - Summon Ice Beast               Ice/Summoning                4
Miscellaneous
 w - a plain deck of escape {drawn: 1}
Comestibles
 c - 3 bread rations
 C - 9 fruits
 E - a royal jelly
 N - a meat ration


   Skills:
 + Level 2.2(1.6) Fighting
 + Level 2.6(2.0) Short Blades
 + Level 1.3(0.7) Armour
 + Level 5.4(4.7) Dodging
 + Level 3.7(3.1) Stealth
 + Level 5.7(5.0) Spellcasting
 * Level 2.3(1.7) Conjurations
 * Level 2.9(2.3) Charms
 + Level 5.8(5.1) Ice Magic
 + Level 0.6(0.0) Evocations


You had 12 spell levels left.
You knew the following spells:

 Your Spells              Type           Power        Failure   Level  Hunger
a - Freeze                Ice            ###.         4%          1    None
b - Ozocubu's Armour      Chrm/Ice       ##......     21%         3    ###....
c - Throw Frost           Conj/Ice       ##....       12%         2    ##.....


Dungeon Overview and Level Annotations

Branches:
Dungeon (7/15)
 Temple: D:4-7

Altars:
Nemelex Xobeh
Okawaru
Pakellas
Ru
Vehumet
Yredelemnul

Shops:
D:6 }

Annotations:
D:2 Sigmund


Message History

The crimson imp shouts, "Give up, thou unctious rude-growing dingleberry!"
The orc wizard casts a spell.
The orc wizard blinks!
Press: ? - help, v - describe, . - travel, g - get item A rapier.
The floor, spattered with blood.
You draw a card...
It is Velocity.
The crimson imp seems to slow down.
The scorpion seems to slow down.
The orc seems to slow down.
The orc wizard seems to slow down.
The scorpion stings you!
* * * LOW HITPOINT WARNING * * *
You are poisoned.
The scorpion poisons you! The orc hits you but does no damage.
You feel sick.
The orc wizard shouts!
You feel sick.
You feel sick. The orc wizard casts a spell at you. The magic dart hits you!
You die...
Your body disappears without a glow.

.......>..# ##
#########.# #.# ##
##.###.# .. #o....#
## #o.#.## # #s..##
#. #########5.#.#
#.
#####.......o..##.#
#.<.........@.##
#.# #.###.#########
#.. #. #.# .5 #.
#.# ## #.# #.# ...
... ...


You could see a scorpion, 2 orc wizards, a crimson imp and an orc.

Vanquished Creatures
  An orc warrior (D:3)
  A sky beast (D:6)
  4 ogres
  A giant frog (D:5)
  2 scorpions (D:4)
  A wight (D:6)
  A howler monkey (D:5)
  A centaur zombie (D:5)
  A gnoll shaman (D:6)
  A jelly (D:5)
  A centaur skeleton (D:3)
  An orc priest (D:3)
  3 orc wizards
  7 worker ants
  A hound skeleton (D:5)
  Robin (D:4)
  3 gnolls (D:6)
  6 adders
  An ooze (D:3)
  2 adder skeletons
  2 worms
  3 dart slugs (D:3)
  9 giant geckos
  19 orcs
  6 bats
  4 giant cockroaches (D:1)
  20 goblins
  11 hobgoblins
  3 jackals (D:4)
  7 kobolds
  2 quokkas
  A giant cockroach zombie (D:3)
  A giant gecko skeleton (D:4)
  A giant newt (D:3)
  4 rats
133 creatures vanquished.

Vanquished Creatures (collateral kills)
  2 gnolls (D:6)
  An orc (D:6)
3 creatures vanquished.

Grand Total: 136 creatures vanquished

Notes
Turn   | Place    | Note
--------------------------------------------------------------
     0 | D:1      | MrBudgens the Merfolk Ice Elementalist began the quest for the Orb.
     0 | D:1      | Reached XP level 1. HP: 13/13 MP: 3/3
   101 | D:2      | Noticed Sigmund
   440 | D:1      | Reached XP level 2. HP: 15/19 MP: 5/5
  1164 | D:1      | Reached XP level 3. HP: 24/24 MP: 4/6
  1414 | D:3      | Learned a level 3 spell: Ozocubu's Armour
  1489 | D:4      | Noticed an orc warrior
  1537 | D:3      | Found an iron altar of Okawaru.
  1566 | D:4      | Noticed an ogre
  1582 | D:4      | Noticed an ogre
  1664 | D:3      | Found a basalt altar of Yredelemnul.
  1666 | D:3      | Found an oddly glowing altar of Pakellas.
  1714 | D:4      | Noticed a scorpion
  1798 | D:3      | Reached XP level 4. HP: 27/30 MP: 6/8
  1972 | D:3      | Reached skill level 1 in Short Blades
  2228 | D:3      | Reached XP level 5. HP: 19/35 MP: 1/10
  3088 | D:4      | Learned a level 2 spell: Throw Frost
  3129 | D:3      | Killed an ogre
  3129 | D:3      | Reached XP level 6. HP: 27/41 MP: 0/12
  3339 | D:4      | Found a sacrificial altar of Ru.
  3342 | D:4      | Found a sparkling altar of Nemelex Xobeh.
  3361 | D:5      | Entered Level 5 of the Dungeon
  3656 | D:4      | Found a radiant altar of Vehumet.
  3695 | D:4      | Became a worshipper of Nemelex Xobeh the Trickster
  4272 | D:4      | Reached skill level 1 in Conjurations
  4272 | D:4      | Reached skill level 1 in Charms
  4272 | D:4      | Reached skill level 5 in Ice Magic
  4272 | D:4      | Reached XP level 7. HP: 46/46 MP: 1/14
  4355 | D:3      | Reached skill level 1 in Fighting
  4355 | D:3      | Reached skill level 5 in Spellcasting
  4871 | D:4      | Received a gift from Nemelex Xobeh
  4942 | D:4      | Noticed Robin
  5011 | D:4      | Killed Robin
  5441 | D:5      | Reached XP level 8. HP: 56/56 MP: 12/15
  5748 | D:5      | Reached skill level 5 in Dodging
  5948 | D:5      | Reached * piety under Nemelex Xobeh
  6018 | D:5      | Reached skill level 1 in Armour
  6098 | D:6      | Found Isybb's Gadget Boutique.
  6214 | D:6      | Bought a wand of disintegration (14/24) for 198 gold pieces
  6340 | D:6      | Received a gift from Nemelex Xobeh
  6704 | D:6      | HP: 2/56 [poisoned by a scorpion]
  6704 | D:6      | Killed from afar by an orc wizard

Skill      XL: |  1  2  3  4  5  6  7  8 |
---------------+-------------------------+-----
Dodging        | 3 4 5 |  5.4
Ice Magic      | 4 5 |  5.8
Stealth        | 3 |  3.7
Spellcasting   | 3 4 5 |  5.7
Short Blades   | 1 2 |  2.6
Conjurations   | 1 2 |  2.3
Charms         | 1 2 |  2.9
Fighting       | 1 2 |  2.2
Armour         | 1 |  1.3
Evocations     | |  0.6

Action                   |  1- 3 |  4- 6 |  7- 9 || total
-------------------------+-------+-------+-------++-------
Melee: Dagger            |    52 |       |       ||    52
       Unarmed           |     1 |       |       ||     1
       Short sword       |    26 |   146 |   271 ||   443
       Halberd           |       |       |    14 ||    14
 Fire: Hunting sling     |       |       |     9 ||     9
Throw: Stone             |       |       |     7 ||     7
 Cast: Freeze            |    24 |    41 |    71 ||   136
       Ozocubu's Armour  |       |     9 |    14 ||    23
       Throw Frost       |       |    14 |    18 ||    32
Evoke: Wand              |       |     1 |       ||     1
       Deck              |       |       |     7 ||     7
  Use: Scroll            |     2 |     3 |     3 ||     8
       Potion            |       |     1 |     2 ||     3
 Stab: Sleeping          |     4 |     5 |     2 ||    11
       Distracted        |     1 |       |       ||     1
  Eat: Chunk             |     3 |    10 |     9 ||    22
Armor: Robe              |    16 |    42 |     2 ||    60
       Leather armour    |       |       |    98 ||    98
Dodge: Dodged            |    74 |    91 |   309 ||   474
Block: Other             |       |     8 |     5 ||    13
